 Dungeon Crawl Stone Soup version 0.31-a0-233-g139696dc86 (webtiles) character file.

Game seed: 12611399271587475657

46 qw the Shooter (level 3, -5/21 HPs)
             Began as a Gargoyle Hexslinger on July 7, 2023.
             Killed by divine providence
             ... invoked by an orc priest
              (13 damage)
             ... on level 3 of the Dungeon.
             The game lasted 00:00:33 (1807 turns).

qw the Shooter (Gargoyle Hexslinger)                Turns: 1807, Time: 00:00:34

Health: -5/21      AC:  8    Str: 11    XL:     3   Next: 68%
Magic:  4/4        EV: 10    Int: 13    God:
Gold:   170        SH:  0    Dex: 14    Spells: 3/4 levels left

rFire   . . .        Y - +1 sling
rCold   . . .        (no shield)
rNeg    + . .        d - +0 ring mail
rPois   inf          (no helmet)
rElec   +            (no cloak)
rCorr   .            (no gloves)
SInv    .            (no boots)
Will    .....        (no amulet)
Stlth   +            (no ring)
HPRegen 0.23/turn    (no ring)
MPRegen 0.09/turn

%: no passive effects
@: no status effects
A: sickness immunity, AC +3, negative energy resistance 1, electricity
resistance, torment resistance 1, petrification resistance
a: no special abilities


You were on level 3 of the Dungeon.
You visited 1 branch of the dungeon, and saw 3 of its levels.

You collected 170 gold pieces.


Innate Abilities, Weirdness & Mutations

You are immune to sickness and miasma.
Your stone body is resilient. (AC +3)
You are immune to poison.
You resist negative energy. (rN+)
You are resistant to electric shocks. (rElec)
You are resistant to unholy torment.
You are immune to petrification.


   Skills:
 - Level 2.0 Fighting
 + Level 3.6 Ranged Weapons
 - Level 1.5 Dodging
 - Level 1.0 Spellcasting
 - Level 2.6 Hexes


You had 3 spell levels left.
You knew the following spells:

 Your Spells              Type           Power      Damage    Failure   Level
a - Slow                  Hex            28%        N/A       22%         1

Your spell library contained the following spells:

 Spells                   Type           Power      Damage    Failure   Level
 Inner Flame              Hex/Fire       4%         N/A       75%         3
 Portal Projectile        Hex/Tloc       8%         N/A       75%         3
 Cause Fear               Hex            3%         N/A       92%         4

Inventory:

Hand Weapons
 Y - a +1 sling (weapon)
Armour
 b - a scarf of repulsion
 d - a +0 ring mail (worn)
Scrolls
 c - a scroll of teleportation
Potions
 a - a potion of heal wounds {unknown}
 e - a potion of brilliance {unknown}
 g - a potion of berserk rage {unknown}
 h - a potion of attraction {unknown}

Dungeon Overview and Level Annotations

Branches:
Dungeon (3/15)

Altars:

Shops:
D:3 ?


Message History

You kill the bat!
You shoot a sling bullet.
The sling bullet misses the frilled lizard.
The frilled lizard bites you but does no damage.
You shoot a sling bullet.
The sling bullet hits the frilled lizard.
You kill the frilled lizard!
A frilled lizard comes into view.
The frilled lizard hisses angrily.
You see here a frilled lizard corpse.
Enter note:
Enter note: You shoot a sling bullet.
The sling bullet hits the frilled lizard but does no damage.
An orc priest comes into view. It is wielding a +0 short sword.
The orc priest moves out of view.
You shoot a sling bullet.
The sling bullet misses the frilled lizard.
You shoot a sling bullet.
The sling bullet hits the frilled lizard.
You kill the frilled lizard!
You shoot a sling bullet.
The sling bullet barely misses the orc priest.
An orc wizard comes into view. It is wielding a +0 dagger.
1805 ||| Stepping ~*~*~tactically~*~*~ (outnumbered).
A hound comes into view.
The hound barks!
Enter note:
Enter note: You shoot a sling bullet.
The sling bullet hits the orc priest.
The orc priest is moderately wounded.
The orc priest mumbles some strange prayers to Beogh against you.
Beogh smites you!
Ouch! That really hurt!
You shoot a sling bullet.
The sling bullet barely misses the hound.
The orc priest mumbles some strange prayers to Beogh against you.
Beogh smites you!
Ouch! That really hurt!
You die...

...............## #..#
######..###|....# #...
.........######.# #.##
###......# #.# #.#
#.##.#.# ###.### #.# #.
#.#.# #.....# #.#
###.##.#.####.....###.##
#...$%%..##......[%.....
...#..%#@....#.....###.##
#..#.#..##..#...........
#...\..h# ..#####.######
..#.#..# ## ##.##
.o.#...#.. ##...##
.#.o...... ##.....## #.#
##.#. #.......# #. . ..
#.......# .###.......#


You could see a hound and an orc priest.

Vanquished Creatures
  8 ball pythons
  4 endoplasms
  2 giant cockroaches
  4 goblins
  5 hobgoblins
  4 kobolds
  2 quokkas (D:2)
  5 bats
  6 frilled lizards
  A rat (D:1)
41 creatures vanquished.

Notes
Turn   | Place    | Note
-------+----------+-------------------------------------------
     0 | D:1      | qw the Gargoyle Hexslinger began the quest for the Orb.
     0 | D:1      | Reached XP level 1. HP: 12/12 MP: 2/2
     0 | D:1      | 0 ||| qw: Version: 0.3-a-46-gb1f654a
     0 | D:1      | 0 ||| qw: Game counter: 3168
     0 | D:1      | 0 ||| qw: Melee chars always use a shield: true
     0 | D:1      | 0 ||| qw: God list: Okawaru
     0 | D:1      | 0 ||| qw: Allow faded altars: false
     0 | D:1      | 0 ||| qw: Do Orc after clearing Dungeon:15 true
     0 | D:1      | 0 ||| qw: Do second Lair branch before Depths: true
     0 | D:1      | 0 ||| qw: Lair rune preference: random
     0 | D:1      | 0 ||| qw: Goals: Normal
     0 | D:1      | 0 ||| PLANNING D:1-11
    79 | D:1      | Reached XP level 2. HP: 16/16 MP: 3/3
   340 | D:1      | Reached skill level 3 in Ranged Weapons
   891 | D:1      | 891 ||| UPGRADING to +0 ring mail.
   901 | D:1      | 901 ||| DROPPING +0 robe.
   902 | D:1      | 902 ||| READING scroll labelled IMPAIME JEPRU.
   903 | D:1      | 903 ||| READING scroll labelled BIESTONOBAP.
   906 | D:1      | 906 ||| DROPPING scroll of poison.
   966 | D:2      | Reached XP level 3. HP: 19/21 MP: 4/4
  1190 | D:2      | Found a faded altar of an unknown god.
  1642 | D:2      | 1642 ||| READING scroll labelled ZOG MAVUZUDGH.
  1643 | D:2      | 1643 ||| READING scroll labelled QOIGAO UCAWN.
  1644 | D:2      | 1644 ||| READING scroll labelled VENINN VODOWKUPSARGH.
  1800 | D:3      | Found Qeminome's Magic Scroll Shop.
  1805 | D:3      | 1805 ||| Stepping ~*~*~tactically~*~*~ (outnumbered).
  1807 | D:3      | Killed from afar by an orc priest

Levels and vault maps discovered:
D:1:      giann_forest_graveyard, layout_basic, chequers_garden, minmay_tall_x
D:2:      layout_loops_ring, basic_ecumenical_altar
D:3:      layout_loops_ring, serial_shops, nicolae_shop_advertising_works
          [nicolae_subvault_shop_adworks]

Skill      XL: |  1  2 |
---------------+-------+-----
Ranged Weapons | 3 |  3.6
Fighting       | 2 |  2.0
Dodging        | |  1.5
Spellcasting   | |  1.0
Hexes          | |  2.6

Action                     || total
---------------------------++-------
   Fire: Sling             ||   125
    Use: Scroll            ||     5
 Armour: Robe              ||     7
         Ring mail         ||    22
  Dodge: Dodged            ||    35

Table legend:
 A = Non-vault XP
 B = Vault XP
 C = Vault XP percentage of total XP
 D = Non-vault monster count
 E = Vault monster count
 F = Vault count percentage of total count
                 A         B        C        D         E       F
            +---------+---------+-------+---------+---------+-------
      Total |      60 |       7 |  10.4 |      37 |       4 |   9.8
            +---------+---------+-------+---------+---------+-------
        D:1 |      24 |       7 |  22.6 |      15 |       4 |  21.1
        D:2 |      26 |       0 |   0.0 |      15 |       0 |   0.0
        D:3 |      10 |       0 |   0.0 |       7 |       0 |   0.0
            +---------+---------+-------+---------+---------+-------
